 Dungeon Crawl Stone Soup version 0.21-a0-59-g7b0e191 (webtiles) character file.

12956 wazuzu the Cruncher (level 11, -3/123 HPs)
             Began as a Demigod Earth Elementalist on June 16, 2017.
             Slain by a wolf (8 damage)
             ... on level 1 of the Lair of Beasts.
             The game lasted 00:39:13 (12024 turns).

wazuzu the Cruncher (Demigod Earth Elementalist)   Turns: 12024, Time: 00:39:13

Health: -3/123     AC:  9    Str: 16    XL:     11   Next: 42%
Magic:  3/24       EV: 18    Int: 29    God:
Gold:   394        SH:  0    Dex: 23    Spells: 13/22 levels left

rFire    + . .     SeeInvis .   x - +0 lajatang
rCold    + . .     Gourm    .   (shield currently unavailable)
rNeg     . . .     Faith    .   s - +2 robe {rF+}
rPois    +         Spirit   .   L - +1 hat
rElec    +         Reflect  .   (no cloak)
rCorr    +         Harm     .   C - +1 pair of gloves
MR       +....                  a - +1 pair of boots of the Eight Stars {rElec rPois rCorr Int+4}
Stlth    ..........             (no amulet)
HPRegen  0.30/turn              c - ring of protection from fire
MPRegen  0.19/turn              t - ring of ice

@: agile, berserking, very slightly contaminated, very quick
A: talons 1, agile 1, high mp 1
a: no special abilities


You were on level 1 of the Lair of Beasts.
You were very hungry.

You visited 2 branches of the dungeon, and saw 11 of its levels.

You collected 520 gold pieces.
You spent 126 gold pieces at shops.

Inventory:

Hand Weapons
 x - a +0 lajatang (weapon)
Armour
 a - the +1 pair of boots of the Eight Stars (worn) {rElec rPois rCorr Int+4}
   (You found it on level 5 of the Dungeon)

   It affects your intelligence (+4).
   It insulates you from electricity.
   It protects you from poison.
   It protects you from acid and corrosion.
 s - a +2 robe of fire resistance (worn)
 C - a +1 pair of gloves (worn)
 L - a +1 hat (worn)
Jewellery
 c - a ring of protection from fire (left hand)
 t - a ring of ice (right hand)
 G - an uncursed ring of flight {unknown}
Wands
 b - a wand of iceblast (6/15)
 o - a wand of lightning (8/15)
 u - a wand of acid (4/15)
 B - a wand of flame (27/48)
 I - a wand of iceblast (5/15)
Scrolls
 h - 4 scrolls of teleportation
 k - 6 scrolls of remove curse
 l - 3 scrolls of identify
 n - a scroll of magic mapping {unknown}
 p - 3 scrolls of fog {unknown}
 w - 4 scrolls of amnesia
 y - 3 scrolls of blinking
 H - a scroll of recharging {unknown}
 J - a scroll of noise {unknown}
 K - a scroll of fear {unknown}
 M - a scroll of enchant armour {unknown}
Potions
 g - 3 potions of haste
 i - 2 potions of cancellation
 j - 7 potions of curing
 q - 3 potions of might
 r - 2 potions of agility
 v - 2 potions of brilliance
 D - 3 potions of mutation
 E - a potion of invisibility
 F - a potion of lignification
 N - a potion of heal wounds
Books
 e - a book of Geomancy

   Spells                             Type                      Level
   a - Sandblast                      Earth                        1
   b - Passwall                       Transmutation/Earth          2
   c - Stone Arrow                    Conjuration/Earth            3
   d - Petrify                        Transmutation/Earth          4
   e - Lee's Rapid Deconstruction     Earth                        5
Comestibles
 d - 13 bread rations
 f - 7 meat rations
 m - 11 royal jellies
 A - 2 fruits


   Skills:
 - Level 3.1 Fighting
 + Level 13.0 Staves
 - Level 1.7 Dodging
 - Level 1.7 Stealth
 - Level 6.1 Spellcasting
 - Level 6.2 Conjurations
   Level 0.8 Transmutations
 - Level 6.0 Earth Magic


You had 13 spell levels left.
You knew the following spells:

 Your Spells              Type           Power        Failure   Level  Hunger
a - Sandblast             Erth           #####.       1%          1    None
b - Stone Arrow           Conj/Erth      #####.       1%          3    None
c - Lee's Rapid Deconstr  Erth           #####.....   13%         5    #####..


Dungeon Overview and Level Annotations

Branches:
Dungeon (10/15)            Temple (0/1) D:4            Lair (1/6) D:10
    Orc (0/2) D:9

Shops:
D:7 (   D:8 *

Annotations:
D:2 Natasha


Innate Abilities, Weirdness & Mutations

You have an increased reservoir of magic. (+10% MP)
You have sharp toenails.
You are agile. (Dex +2)


Message History

The wolf bites you!
* * * LOW HITPOINT WARNING * * *
The wolf bites you.
* * * LOW HITPOINT WARNING * * *
The wolf barely misses you.
You hit the wolf.
The wolf is moderately wounded.
The wolf misses you.
You barely miss the wolf.
The wolf is moderately wounded.
The wolf bites you.
* * * LOW HITPOINT WARNING * * *
Unknown command.
You slash the wolf!
The wolf is almost dead.
The wolf closely misses you. The wolf completely misses you.
You completely miss the wolf.
The wolf is almost dead.
The wolf bites you!
You die...

.......÷.# #...P.#.#P......P
.........##### #...###.P#.....P#
.........#.#.####...###.#P.....P#
....................P#...#P..PP#.
.....†...................#P..##..
..........................#P.....
...........................#P..#.
.................†.####....#P....
................@h.## #....##P...
................h...# #.....#P...
............................#P...
..........................#P..
....................#P..
...######.....#.... #P.. ...
#....## .h ###. .. #....# h #.
.....# #.


You could see 2 wolves.

Vanquished Creatures
  Gastronok (D:8)
  2 two-headed ogres
  Sonja (D:10)
  Pikel (D:8)
  An ugly thing (D:9)
  A gargoyle (D:10)
  A spiny frog (Lair:1)
  A komodo dragon (Lair:1)
  2 hippogriffs
  Sigmund (D:5)
  11 yaks (D:10)
  4 hungry ghosts
  Duvessa (D:6)
  A porcupine (Lair:1)
  3 sky beasts
  3 orc warriors
  An eye of draining (D:9)
  A necrophage (D:10)
  2 slaves (D:8)
  2 ice beasts
  4 phantoms
  3 wolves (Lair:1)
  5 ogres
  A crocodile (D:9)
  5 centaurs
  8 bullfrogs
  Dowan (D:6)
  A scorpion (D:8)
  A wyvern skeleton (D:7)
  3 killer bees (D:10)
  8 wights
  3 howler monkeys
  3 crimson imps
  5 orc priests
  3 jellies
  5 hounds
  A centaur skeleton (D:6)
  Natasha (D:2)
  7 orc wizards
  5 iguanas
  7 worker ants
  A killer bee zombie (D:5)
  3 hound skeletons
  Robin (D:2)
  A howler monkey zombie (D:6)
  5 worker ant zombies
  3 gnolls (D:4)
  11 adders
  A shadow imp (D:10)
  An ooze (D:5)
  An adder zombie (D:8)
  An adder skeleton (D:6)
  2 worms
  A leopard gecko (D:2)
  28 orcs
  4 giant cockroaches
  6 goblins
  4 hobgoblins
  4 jackals (D:3)
  5 kobolds
  6 quokkas
  2 ball pythons
  6 bats
  3 frilled lizards
  A leopard gecko zombie (D:5)
  4 rats
  A bush (D:10)
227 creatures vanquished.

Vanquished Creatures (others)
  A slave (D:8)
  A worker ant (D:8)
  A leopard gecko (D:8)
  9 goblins (D:2)
  A hobgoblin (D:2)
  2 bushes (D:10)
15 creatures vanquished.

Grand Total: 242 creatures vanquished

Notes
Turn   | Place    | Note
-------+----------+-------------------------------------------
     0 | D:1      | wazuzu the Demigod Earth Elementalist began the quest for the Orb.
     0 | D:1      | Reached XP level 1. HP: 14/14 MP: 5/5
   620 | D:1      | Reached XP level 2. HP: 20/20 MP: 0/7
   925 | D:2      | Noticed Robin
  1023 | D:2      | Killed Robin
  1023 | D:2      | Reached XP level 3. HP: 24/26 MP: 2/9
  1106 | D:2      | Learned a level 3 spell: Stone Arrow
  1251 | D:2      | Noticed Natasha
  1260 | D:2      | Killed Natasha
  1260 | D:2      | Reached skill level 1 in Conjurations
  1376 | D:2      | Found a shimmering altar of Xom.
  1419 | D:2      | Reached XP level 4. HP: 33/33 MP: 5/10
  1548 | D:2      | Noticed Natasha
  1719 | D:3      | Found an ancient bone altar of Kikubaaqudgha.
  2579 | D:4      | Noticed a phantom
  2594 | D:4      | Killed a phantom
  2594 | D:4      | Reached XP level 5. HP: 36/38 MP: 3/12
  2681 | D:4      | Found a hide-covered altar of Uskayaw.
  3076 | D:4      | Reached XP level 6. HP: 13/45 MP: 0/14
  3465 | D:4      | Found a staircase to the Ecumenical Temple.
  3514 | D:4      | Found a sparkling altar of Nemelex Xobeh.
  3572 | D:5      | Entered Level 5 of the Dungeon
  3579 | D:5      | Learned a level 5 spell: Lee's Rapid Deconstruction
  3712 | D:5      | Noticed Sigmund
  3915 | D:5      | Gained mutation: You are agile. (Dex +2) [potion of mutation]
  3915 | D:5      | Gained mutation: You have sharp toenails. [potion of mutation]
  3938 | D:5      | Got a pair of faintly humming boots
  3949 | D:5      | Identified the +1 pair of boots of the Eight Stars {rElec rPois rCorr Int+4} (You found it on level 5 of the Dungeon)
  4093 | D:5      | Reached XP level 7. HP: 50/50 MP: 13/16
  4247 | D:5      | Killed Sigmund
  4247 | D:5      | Reached skill level 5 in Conjurations
  4247 | D:5      | Reached skill level 5 in Earth Magic
  4633 | D:6      | Reached XP level 8. HP: 57/57 MP: 10/18
  4799 | D:6      | You fall through a shaft!
  4987 | D:6      | Reached skill level 5 in Spellcasting
  5076 | D:6      | Reached skill level 1 in Staves
  5320 | D:6      | Reached skill level 2 in Staves
  5862 | D:6      | Noticed Duvessa
  5863 | D:6      | Noticed Dowan
  5883 | D:6      | Killed Duvessa
  5883 | D:6      | Reached skill level 3 in Staves
  5889 | D:6      | Killed Dowan
  5994 | D:6      | Reached skill level 1 in Fighting
  5994 | D:6      | Reached XP level 9. HP: 64/64 MP: 14/22
  6247 | D:6      | Got a jewelled scale mail
  6400 | D:7      | Reached skill level 4 in Staves
  6719 | D:7      | Found Loifib's Weapon Shoppe.
  6936 | D:8      | Found a blossoming altar of Fedhas.
  6942 | D:8      | Reached skill level 5 in Staves
  7044 | D:8      | Noticed Gastronok
  7056 | D:8      | Killed Gastronok
  7056 | D:8      | Reached skill level 8 in Staves
  7056 | D:8      | Reached XP level 10. HP: 49/77 MP: 0/23
  7073 | D:8      | Identified the +8 scale mail of the Constellations {rC+} (You found it on level 6 of the Dungeon)
  7279 | D:8      | Found Xaesac's General Store.
  7284 | D:8      | Bought a scroll of remove curse for 36 gold pieces
  7284 | D:8      | Bought a scroll of blinking for 90 gold pieces
  7293 | D:8      | Noticed Pikel
  7350 | D:8      | Killed Pikel
  7405 | D:8      | Reached skill level 9 in Staves
  7562 | D:8      | Noticed a two-headed ogre
  7566 | D:8      | Killed a two-headed ogre
  7813 | D:8      | Found a shadowy altar of Dithmenos.
  7868 | D:8      | Reached skill level 10 in Staves
  7884 | D:8      | Found a burning altar of Makhleb.
  7884 | D:8      | Noticed a balrug
  7964 | D:8      | Noticed a smoke demon
  8171 | D:9      | Found a staircase to the Orcish Mines.
  8556 | D:9      | Noticed a two-headed ogre
  8561 | D:9      | Killed a two-headed ogre
  8621 | D:9      | Reached skill level 11 in Staves
  8656 | D:9      | Found a deep blue altar of Sif Muna.
  8827 | D:9      | Found a white marble altar of Elyvilon.
  8836 | D:9      | Found an ornate altar of the Wu Jian Council.
  8938 | D:9      | Noticed a green ugly thing
  8946 | D:9      | Killed a green ugly thing
  9277 | D:9      | Found a basalt altar of Yredelemnul.
  9465 | D:10     | Entered Level 10 of the Dungeon
  9591 | D:10     | Found a staircase to the Lair.
  9680 | D:10     | Noticed Sonja
  9855 | D:10     | Killed Sonja
  9855 | D:10     | Reached XP level 11. HP: 33/82 MP: 16/24
 10403 | D:10     | Reached skill level 12 in Staves
 11269 | Lair:1   | Entered Level 1 of the Lair of Beasts
 12020 | Lair:1   | Reached skill level 13 in Staves
 12022 | Lair:1   | HP: 4/123 [wolf (6)]
 12024 | Lair:1   | Slain by a wolf

Vault maps used:
D:1:      dpeg_arrival_castle
D:2:      old_standard_altar, lemuel_old_faithful, uniq_natasha, uniq_robin
D:3:      overflow_temple_1_default, kennysheep_generic_room_9
D:4:      nemelex_xobeh_ov_fountains_minmay, old_standard_altar, temple_green,
          first_bread
D:5:      hangedman_decor_opposing, uniq_sigmund
D:6:      uniq_duvessa
D:7:      serial_shops, shop
D:8:      makhleb_altar_promises_db, grunt_dithmenos_smoke_and_mirrors,
          fedhas_altar_2, serial_shops, shop, uniq_gastronok, uniq_pikel
D:9:      amethyst_overflow_temple_binary, kennysheep_mini_moat,
          lemuel_doored_altar, david_orc_2, grunt_ogre_cave
D:10:     lair_entry_dummy, minmay_hedge_maze, small_statue_alley_a, uniq_sonja
Lair:1:   hangedman_lair_unloving_vines

Skill      XL: |  1  2  3  4  5  6  7  8  9 10 11 |
---------------+----------------------------------+-----
Spellcasting   | 2 3 4 6 |  6.1
Earth Magic    | 3 4 5 6 |  6.0
Conjurations   | 1 2 3 4 5 6 |  6.2
Staves         | 3 8 11 13 | 13.0
Fighting       | 1 3 |  3.1
Dodging        | |  1.7
Stealth        | |  1.7
Transmutations | |  0.8

Action                   |  1- 3 |  4- 6 |  7- 9 | 10-12 || total
-------------------------+-------+-------+-------+-------++-------
Melee: Unarmed           |     2 |       |       |       ||     2
       Lajatang          |       |    10 |    16 |    64 ||    90
 Cast: Sandblast         |    54 |   109 |    88 |   131 ||   382
       Stone Arrow       |       |       |    62 |   102 ||   164
  Use: Scroll            |       |     7 |     1 |     6 ||    14
       Potion            |       |     1 |       |     4 ||     5
  Eat: Chunk             |     2 |     7 |    11 |     9 ||    29
       Fruit             |       |       |       |     5 ||     5
Armor: Robe              |     3 |    17 |    20 |    29 ||    69
       Animal skin       |     1 |       |       |       ||     1
Dodge: Dodged            |    11 |    34 |    37 |    92 ||   174
